Map: Deathaura LE

Players

Varum

  • Race: Zerg Zerg
  • Spawn Location: 11:00

A.I. 1 (Very Easy)

  • Race: Protoss Protoss
  • Spawn Location: 5:00

VOD

https://www.youtube.com/watch?v=AD65Z6hLMgg&feature=youtu.be&t=571

Description

SALT to the Beastyqt ZvP cheese (Hatch first) with easy AI for testing and example without resistance (on the game, he loses some lings/drones and don't explain some details, so I adapted it from his vs AI pool first video)

Time

  • Played on: June 22, 2020, 12:15 a.m.
  • Length: 5:56
Show
View Real Time Build Order
Export as new Build Order

Varum Zerg 

Build Orders: Hatch First 

Get SALT Encoding   

  12  0:06  Overlord  
    0:12  Drone x12  
    0:24  Unknown  
    0:25  Drone  
  13  0:32  Drone  
  14  0:40  Overlord  
  14  1:00  Drone x3  
  17  1:15  Hatchery  
  16  1:19  Drone  
  16  1:23  Extractor  
  16  1:25  Drone  
  17  1:40  Spawning Pool  
  17  1:41  Drone  
  17  1:46  Drone  
  18  1:54  Drone  
  19  2:05  Overlord  
  19  2:27  Zergling x4  
  21  2:30  Queen x2  
  21  2:35  Drone  
  26  2:40  Metabolic Boost  
  26  2:56  Roach Warren  
  25  2:59  Drone x5  
  25  3:04  Overlord  
  30  3:14  Overlord  
  30  3:37  Roach  
  30  3:38  Roach x4  
  40  3:42  Roach  
  40  3:44  Zergling x4  
  40  3:45  Zergling x4  
  46  3:53  Zergling x4  
  46  3:55  Overlord  
  47  4:16  Zergling x6  
  47  4:17  Zergling x12  
  52  4:50  Zergling x12  
  52  4:52  Overlord  
  56  4:54  Zergling x10  
  60  5:06  Overlord  
  60  5:07  Overlord  
  54  5:29  Zergling x4  
  54  5:30  Zergling x16  
Show
View Real Time Build Order
Export as new Build Order

A.I. 1 (Very Easy) Protoss 

Build Orders:  

Get SALT Encoding   

    0:12  Probe x12  
    0:24  Unknown, Probe  
  13  0:36  Probe  
  14  0:44  Pylon  
  14  0:49  Probe  
  15  0:58  Probe  
  16  1:06  Probe  
  17  1:16  Probe  
  18  1:28  Nexus  
  18  1:37  Gateway  
  18  1:53  Pylon  
  18  1:55  Assimilator  
  18  2:06  Probe  
  19  2:18  Probe, Zealot  
  20  2:24  Assimilator  
  20  2:28  Cybernetics Core  
  22  2:44  Probe  
  22  2:46  Pylon  
  23  2:51  Probe  
  23  2:52  Warp Gate  
  24  2:58  Probe  
  25  3:06  Probe  
  26  3:13  Probe  
  27  3:20  Probe  
  28  3:27  Probe  
  29  3:34  Robotics Facility  
  29  3:38  Adept  
  28  4:21  Observer  
  29  4:29  Immortal  
  27  4:40  Probe  
  21  4:47  Probe  
  17  4:55  Probe  
  15  5:02  Probe, Pylon  
  8  5:09  Probe  
  9  5:16  Probe  
  5  5:31  Probe, Pylon  
Tags
 
Matchup
PvZ
Spawn Locations
Cross Positions
Add a new tag
Caveats
  • Supply blocks, unpowered buildings, or Contaminate may cause inaccurate times.
  • Supply counts are checked every 10 seconds.